 Dungeon Crawl Stone Soup version 0.30.1-11-g7821555f0a (webtiles) character file.

Game seed: 750055202923185280

1306 Nonny the Carver (level 8, -10/57 HPs)
             Began as a Merfolk Gladiator on Dec 2, 2023.
             Was an Elder of Zin.
             Mangled by an orc warrior
             ... wielding a +4 dire flail of venom
              (25 damage)
             ... on level 5 of the Dungeon.
             The game lasted 00:27:41 (6713 turns).

Nonny the Carver (Merfolk Gladiator)                Turns: 6713, Time: 00:27:41

Health: -10/57     AC:  6    Str: 14    XL:     8   Next: 57%
Magic:  0/8        EV: 16    Int:  8    God:    Zin [****..]
Gold:   913        SH:  0    Dex: 17    Spells: 7/7 levels left

rFire   + . .        a - +0 long sword
rCold   . . .        (no shield)
rNeg    . . .        R - +1 robe {rF+}
rPois   .            c - +0 helmet
rElec   .            q - +0 cloak
rCorr   .            m - +0 pair of gloves
SInv    .            (no boots)
Will    +....        k - amulet of guardian spirit
Stlth   ++           g - ring of willpower
HPRegen 0.29/turn    (no ring)
MPRegen 0.11/turn

%: guardian spirit
@: lethally poisoned (-10 -> -25)
A: (nimble swimmer 2), mertail
a: Renounce Religion, Recite, Vitalisation, Imprison, Donate Gold


You were on level 5 of the Dungeon.
You worshipped Zin.
Zin was greatly pleased with you.
You visited 2 branches of the dungeon, and saw 6 of its levels.

You collected 1014 gold pieces.
You donated 101 gold pieces to Zin.

Inventory:

Hand Weapons
 a - a +0 long sword (weapon)
 b - a +0 shortbow
Missiles
 d - a throwing net
 e - a javelin
 f - 65 stones (quivered)
 H - 4 datura-tipped darts
 V - 5 boomerangs
 Y - 10 poisoned darts
Armour
 c - a +0 helmet (worn)
 m - a +0 pair of gloves (worn)
 q - a +0 cloak (worn)
 R - a +1 robe of fire resistance (worn)
Jewellery
 g - a ring of willpower (left hand)
 k - an amulet of guardian spirit (around neck)
Scrolls
 h - a scroll of enchant armour {unknown}
 n - 2 scrolls of teleportation
 o - a scroll of torment {unknown}
 p - 2 scrolls of enchant weapon {unknown}
 s - a scroll of magic mapping {unknown}
 t - a scroll of blinking {unknown}
 x - a scroll of fog {unknown}
 B - 2 scrolls of immolation {unknown}
 D - 2 scrolls of butterflies {unknown}
 G - a scroll of noise {unknown}
Potions
 i - 3 potions of flight
 j - 2 potions of mutation
 l - a potion of invisibility
 u - 3 potions of might {unknown}
 v - 3 potions of curing
 C - 2 potions of attraction
 T - a potion of magic {unknown}
 U - a potion of haste {unknown}


   Skills:
 + Level 2.4 Fighting
 + Level 10.4 Long Blades
 - Level 2.0 Throwing
 + Level 7.8 Dodging
 - Level 3.0 Stealth
 * Level 0.9 Invocations


You had 7 spell levels left.
You didn't know any spells.
Your spell library contained the following spells:

 Spells                   Type           Power      Damage    Failure   Level
 Foxfire                  Conj/Fire      0%         2x1d4     41%         1
 Animate Dead             Necr           0%         N/A       99%         4
 Fireball                 Conj/Fire      0%         3d3       100%        5
 Plasma Beam              Fire/Air       0%         2x1d11    100%        6
 Starburst                Conj/Fire      0%         6d3       100%        6
 Haunt                    Necr/Summ      0%         N/A       100%        7
 Infestation              Necr           0%         N/A       100%        8


Dungeon Overview and Level Annotations

Branches:
Dungeon (5/15)             Temple (1/1) D:4

Altars:
Ashenzari
Cheibriados
Dithmenos
Elyvilon
Fedhas
Gozag
Hepliaklqana
Kikubaaqudgha
Makhleb
Nemelex Xobeh
Okawaru
Qazlal
Ru
Sif Muna
Trog
Uskayaw
Vehumet
Wu Jian
Xom
Yredelemnul
Zin
The Shining One

Shops:
D:5 (


Innate Abilities, Weirdness & Mutations

((You are very nimble when in or above water. (Stealth+, EV+, Speed+++)))
Your lower body shifts to a powerful aquatic tail in water.


Message History

Okay, then.
You slash the orc wizard!
The orc wizard is severely wounded.
The orc wizard closely misses you.
You barely miss the orc wizard.
The orc wizard is severely wounded.
The orc wizard misses you.
The orc wizard gestures wildly while chanting.
The orc wizard flickers and vanishes!
Deactivating autopickup; reactivate with Ctrl-A.
You slash the orc wizard!
You kill the orc wizard!
You closely miss the orc warrior.
Throw: 5 darts (datura)
Press: ? - help, Shift-Dir - straight line, f - orc warrior
Aim: an orc warrior, wielding a +4 dire flail of venom and wearing a +0 plate armour (62% to hit, chance to frenzy on hit: 72%)
You throw a datura-tipped dart.
The datura-tipped dart hits the orc warrior.
The orc warrior flies into a frenzy!
The orc warrior barely misses you. The orc warrior misses you.
The orc warrior attacks as you move away!
The orc warrior closely misses you.
Something hits the orc warrior but does no damage.
The orc warrior misses you.
Throw: 2 throwing nets
Press: ? - help, Shift-Dir - straight line, f/p - orc warrior
Aim: an orc warrior, wielding a +4 dire flail of venom and wearing a +0 plate armour (fast, strong, frenzied and insane, 62% to hit)
You throw a throwing net.
The throwing net closely misses the orc warrior.
The orc warrior hits you with a +4 dire flail of venom!!
The orc warrior hits you with a +4 dire flail of venom!
You are lethally poisoned!
You hit the orc warrior but do no damage.
* * * LOW HITPOINT WARNING * * *
You feel very sick.
You hear some strange, mumbled words.
A puff of flame appears from out of thin air!
The puff of flame hits the orc warrior!
The orc warrior hits you with a +4 dire flail of venom!!
You die...

# #
####################
................@o.#
##################.#
#.. #.# #.## ## #{#
#... o. #.# #..# #.
#o# #..# #o #.# #..#
#. ..# #..# #. ###


You could see a neutral orc warrior (fast, strong, insane).

Vanquished Creatures
  Pikel (D:4)
  Grinder (D:5)
  Sigmund (D:4)
  A centaur (D:5)
  A scorpion (D:4)
  2 orc priests
  A sleepcap (D:5)
  2 iguanas
  3 orc wizards
  6 gnolls
  3 adders
  A shadow imp (D:5)
  A white imp (D:5)
  3 worms
  A dart slug (D:4)
  16 orcs
  7 bats
  5 endoplasms
  2 giant cockroaches
  8 goblins
  6 hobgoblins
  3 jackals (D:4)
  5 quokkas
  4 ball pythons
  2 frilled lizards (D:3)
  8 kobolds
  6 rats
100 creatures vanquished.

Notes
Turn   | Place    | Note
-------+----------+-------------------------------------------
     0 | D:1      | Nonny the Merfolk Gladiator began the quest for the Orb.
     0 | D:1      | Reached XP level 1. HP: 16/16 MP: 1/1
     2 | D:1      | Noticed a ghoul
     2 | D:1      | Noticed a felid
     4 | D:1      | Noticed a vampire
     4 | D:1      | Noticed a vine stalker
     6 | D:1      | Noticed a formicid
     6 | D:1      | Noticed a human
     8 | D:1      | Noticed a troll
    10 | D:1      | Noticed a naga
    10 | D:1      | Noticed a minotaur
    12 | D:1      | Noticed a draconian
    12 | D:1      | Noticed a merfolk
    14 | D:1      | Noticed a tengu
    14 | D:1      | Noticed an armataur
    16 | D:1      | Noticed a meteoran
    16 | D:1      | Noticed a demonspawn
    18 | D:1      | Noticed an ogre
    18 | D:1      | Noticed an octopode
    20 | D:1      | Noticed an elf
    20 | D:1      | Noticed a gargoyle
    22 | D:1      | Noticed a spriggan
    22 | D:1      | Noticed a demigod
    24 | D:1      | Noticed a gargoyle
    26 | D:1      | Noticed a merfolk
    26 | D:1      | Noticed an ogre
   218 | D:1      | Reached XP level 2. HP: 21/22 MP: 2/2
   302 | D:1      | amulet of guardian spirit
   313 | D:1      | Reached skill level 4 in Long Blades
   313 | D:1      | Reached skill level 1 in Stealth
   591 | D:1      | Reached XP level 3. HP: 25/27 MP: 3/3
   823 | D:2      | Butterfly gardens
  1181 | D:2      | 4chamber floor, albeit distorted heavily.
  2036 | D:3      | Reached XP level 4. HP: 33/33 MP: 4/4
  2692 | D:3      | Reached skill level 5 in Long Blades
  2692 | D:3      | Reached skill level 5 in Dodging
  3639 | D:1      | Identified a scroll of acquirement
  3716 | D:4      | Noticed a scorpion
  3738 | D:4      | Killed a scorpion
  3739 | D:4      | Reached XP level 5. HP: 38/38 MP: 5/5
  3838 | D:4      | Found a staircase to the Ecumenical Temple.
  3863 | Temple   | Entered the Ecumenical Temple
  4122 | Temple   | Became a worshipper of Zin the Law-Giver
  4122 | Temple   | Reached * piety under Zin
  4277 | D:4      | Reached skill level 6 in Long Blades
  4352 | D:4      | Found a sacrificial altar of Ru.
  4517 | D:4      | Reached XP level 6. HP: 21/44 MP: 1/6
  4692 | D:4      | Noticed Sigmund
  4707 | D:4      | Killed Sigmund
  4708 | D:4      | Reached skill level 7 in Long Blades
  4708 | D:4      | Reached XP level 7. HP: 49/50 MP: 7/7
  4744 | D:4      | +1 robe of fire resistance on Sigmund
  4895 | D:4      | Noticed Pikel
  4926 | D:4      | Killed Pikel
  4927 | D:4      | Reached skill level 9 in Long Blades
  4927 | D:4      | Reached XP level 8. HP: 46/56 MP: 8/8
  5304 | D:5      | Entered Level 5 of the Dungeon
  5305 | D:5      | Acquired 785 gold pieces
  5306 | D:5      | Reached ** piety under Zin
  5306 | D:5      | Reached *** piety under Zin
  5321 | D:5      | Found Nysocses's Weapon Shop.
  5424 | D:5      | Noticed Grinder
  5436 | D:5      | Killed Grinder
  5437 | D:5      | Reached skill level 10 in Long Blades
  5610 | D:5      | Reached **** piety under Zin
  6713 | D:5      | Mangled by an orc warrior

Illustrated notes .....####.....# .##.......#####. .. .##.##..#######.###$# ..#..........##..... .....####..........####$ ...#####................ .....................### ..##.....†.............. .....####†......@....... ..#### ###.............. ..# #........#....... ..# #........#....... ### #........#....... # ##########...?... ....... ....... Turn 302 on D:1: amulet of guardian spirit +.......<........ ####...##.###### ##.###.## #....<..# #.#####.# #.# ###'#######+ #.###....#PP.#.. #..##....#####.. #...'...@....... #.###........... #.# ###..#####.. #.. #P#..#...#.. ..# #P#..#P..#.. ... #.#..#bP.#.. ##. ###..#####.. #........... Turn 823 on D:2: Butterfly gardens ###.##.#.# ##'## #.##...# # ##...# .#### . #. ##....# .# . #.##.....# ###.## #........# ...... .>.+......# ##### # #......# # ##.....# # ##@...# # ##...# #######+### ##+## .#PP.#....# .#####....# ..........+ ..........# .#####..### .#...#..#.# Turn 1181 on D:2: 4chamber floor, albeit distorted heavily.

#...†.#..............
#.....#......####.###
#.....#......# ##.###
###.....#......# #.....
#..............# #....†
#..............###.###.
#..................# #.
###.............#### #.
#######...@.........#
#.
#................####
#. #..........<.....#
#. #................#
#######.
#................#
#.......
#...........######
#....... #...........#
#....... #############
#....... #####...


Turn 4744 on D:4: +1 robe of fire resistance on Sigmund

Levels and vault maps discovered:
D:1:      kb_arrival_jail, layout_rooms
D:2:      layout_loops_corners, serial_aquarium, aquarium_bridge_island_small
          [aquarium_subvault_small_water, aquarium_subvault_bridge,
          aquarium_subvault_wall, aquarium_subvault_bridge,
          aquarium_subvault_bridge], aquarium_bridge_square
          [aquarium_subvault_bridge, aquarium_subvault_wall,
          aquarium_subvault_bridge, aquarium_subvault_wall],
          aquarium_window_fake, aquarium_window_1, aquarium_view_2e,
          aquarium_balcony_3a, aquarium_pool_five
D:3:      layout_basic, interstate_on_off, hex_medium
D:4:      layout_basic, mainiacjoe_overflow_brackets, minmay_temple_entry_waves,
          uniq_pikel, uniq_sigmund
D:5:      layout_basic, serial_shops, nicolae_shop_trees, corexii_corridor_pit,
          uniq_grinder
Temple:   roderic_octagonal_lattice_temple

Skill      XL: |  1  2  3  4  5  6  7  8 |
---------------+-------------------------+-----
Long Blades    | 4 5 6 7 9 10 | 10.4
Stealth        | 1 2 3 |  3.0
Dodging        | 5 6 7 |  7.8
Fighting       | |  2.4
Throwing       | |  2.0
Invocations    | |  0.9

Action                     |  1- 3 |  4- 6 |  7- 9 || total
---------------------------+-------+-------+-------++-------
  Melee: Long sword        |   110 |   158 |    97 ||   365
         Punch             |       |     1 |     2 ||     3
         Tailslap          |       |     1 |       ||     1
  Throw: Stone             |     1 |       |       ||     1
         Dart              |       |     3 |     8 ||    11
         Throwing net      |       |     1 |     3 ||     4
         Javelin           |       |       |     1 ||     1
    Use: Scroll            |     3 |     5 |     1 ||     9
         Potion            |       |     2 |     1 ||     3
   Stab: Sleeping          |     1 |     4 |     2 ||     7
         Held in net/web   |       |     3 |     3 ||     6
         Invisible         |       |       |     3 ||     3
 Armour: Leather armour    |    34 |    33 |       ||    67
         Skin              |       |    17 |       ||    17
         Robe              |       |       |    13 ||    13
  Dodge: Dodged            |    94 |   138 |    56 ||   288
